[Event "Titled Tuesday Blitz June 13 Late 2023"]
[White "Garmendiarov"]
[Black "dorpato"]
[WhiteElo "2433"]
[BlackElo "2067"]
[Result "1-0"]
[Round "2"]
[TimeControl "180+2"]
[Date "2023.06.13"]
[WhiteClock "0:02:22"]
[BlackClock "0:01:20"]
[Board "196"]

1. d4 Nf6 2. Bf4 g6 3. Nc3 Bg7 4. e4 d6 5. Qd2 O-O 6. O-O-O b6 7. f3 Bb7 8. Bh6 c5 9. dxc5 bxc5 10. h4 Nbd7 11. h5 gxh5 12. Qg5 Ne8 13. Qxh5 Bxh6+ 14. Qxh6 Ndf6 15. e5 d5 16. exf6 Nxf6 17. Bd3 1-0


[Site "https://www.chess.com"]

[Event "Titled Tuesday Blitz June 13 Late 2023"]
[White "Dias, Joao Batista"]
[Black "Kubatko, Ivan"]
[WhiteFideId "2108240"]
[BlackFideId "24111473"]
[WhiteElo "1907"]
[BlackElo "2285"]
[Result "1-0"]
[Round "2"]
[TimeControl "180+2"]
[Date "2023.06.13"]
[WhiteClock "0:01:11"]
[BlackClock "0:00:04"]
[Board "197"]

1. e4 d5 2. exd5 Qxd5 3. Nc3 Qa5 4. Nf3 Nf6 5. h3 a6 6. Bc4 b5 7. Bb3 e6 8. O-O c5 9. a4 c4 10. Ba2 Bb7 11. axb5 axb5 12. d3 b4 13. Ne4 Nxe4 14. dxe4 b3 15. cxb3 Be7 16. bxc4 O-O 17. Be3 Rd8 18. Qc2 Nc6 19. Bb3 Qh5 20. Rxa8 Rxa8 21. Nd4 Nb4 22. Qb1 Qg6 23. f3 Bc5 24. Re1 Rd8 25. Nc2 Qh5 26. Nxb4 Bxb4 27. Rd1 Rc8 28. Qc2 Bc5 29. Bxc5 Qxc5+ 30. Qf2 Qb4 31. Qc2 Bc6 32. Ba2 Kf8 33. b3 Ra8 34. Bb1 Qc5+ 35. Qf2 Qb4 36. Qd2 Qxd2 37. Rxd2 Ra1 38. Rd1 Ke7 39. Kf2 e5 40. Ke2 Ra3 41. Bc2 Ra2 42. Kd3 Kd6 43. Kc3+ Kc5 44. Rd2 Ra1 45. Bd1 Ra3 46. Kb2 Ra8 47. Kc3 Ra3 48. Rb2 f6 49. Bc2 g5 50. Bd1 h5 51. Rd2 h4 52. Kb2 Ra8 53. Kc3 Ra3 54. Rd8 Ra1 55. Kb2 Ra8 56. Rxa8 Bxa8 57. Kc3 1-0


[Site "https://www.chess.com"]

[Event "Titled Tuesday Blitz June 13 Late 2023"]
[White "Ammar, Sedrani"]
[Black "Chess_maylovsky"]
[WhiteFideId "9312331"]
[WhiteElo "2115"]
[BlackElo "2038"]
[Result "1-0"]
[Round "2"]
[TimeControl "180+2"]
[Date "2023.06.13"]
[WhiteClock "0:01:54"]
[BlackClock "0:00:06"]
[Board "198"]

1. c4 Nf6 2. Nc3 g6 3. Nf3 Bg7 4. g3 b6 5. Bg2 Bb7 6. O-O O-O 7. d3 d6 8. e4 Nbd7 9. h3 e6 10. Bg5 h6 11. Be3 d5 12. cxd5 exd5 13. e5 Ne8 14. d4 a6 15. Qd2 Kh7 16. Rae1 c5 17. Nh2 cxd4 18. Bxd4 Nc5 19. f4 Nc7 20. Ng4 h5 21. Ne3 N7e6 22. Nexd5 Nxd4 23. Qxd4 Ne6 24. Qxb6 Bxd5 25. Nxd5 Rb8 26. Qxd8 Rfxd8 27. b3 Rbc8 28. Rc1 Nd4 29. Rxc8 Rxc8 30. Rd1 Ne2+ 31. Kh2 Nc3 32. Rc1 Rd8 33. Rxc3 Bf8 34. Rc7 Kg7 35. e6 1-0


[Site "https://www.chess.com"]

[Event "Titled Tuesday Blitz June 13 Late 2023"]
[White "Burke, Paul"]
[Black "Pein, Jonathan"]
[WhiteFideId "2605767"]
[BlackFideId "417092"]
[WhiteElo "1952"]
[BlackElo "2151"]
[Result "0-1"]
[Round "2"]
[TimeControl "180+2"]
[Date "2023.06.13"]
[WhiteClock "0:01:11"]
[BlackClock "0:01:39"]
[Board "199"]

1. e4 d5 2. exd5 Qxd5 3. d4 g6 4. c4 Qd8 5. Nc3 Bg7 6. Be3 Nh6 7. Bd3 Nc6 8. d5 Ne5 9. Be2 Nf5 10. Nf3 Nxe3 11. fxe3 Ng4 12. Qd3 Qd6 13. O-O-O Bh6 14. Ne4 Qa6 15. Kb1 Bf5 16. h3 Nf2 17. Qd4 Qf6 18. Qxf6 Bxe4+ 19. Ka1 exf6 20. Rhf1 Nxd1 21. Rxd1 Bxe3 0-1


[Site "https://www.chess.com"]

[Event "Titled Tuesday Blitz June 13 Late 2023"]
[White "Can, Melih Kaan"]
[Black "Sanchez, Robert"]
[WhiteFideId "6317383"]
[BlackFideId "2034360"]
[WhiteElo "2010"]
[BlackElo "1950"]
[Result "1-0"]
[Round "2"]
[TimeControl "180+2"]
[Date "2023.06.13"]
[WhiteClock "0:00:14"]
[BlackClock "0:00:26"]
[Board "200"]

1. Nf3 Nf6 2. g3 g6 3. Bg2 Bg7 4. O-O d6 5. c4 O-O 6. b3 Nbd7 7. Bb2 e5 8. d3 h6 9. Nbd2 a5 10. a3 c6 11. b4 Re8 12. Ne1 d5 13. b5 Nc5 14. a4 Bd7 15. Nb3 Nxb3 16. Qxb3 d4 17. Nc2 Rb8 18. e3 c5 19. exd4 exd4 20. Rae1 Qc8 21. Bc1 Bf5 22. Rxe8+ Qxe8 23. Bf4 Rd8 24. Re1 Qd7 25. Na3 Bh3 26. b6 Bxg2 27. Kxg2 Nh5 28. Bc7 Qc6+ 29. Kg1 Re8 30. Rxe8+ Qxe8 31. Qd1 Nf6 32. Nb5 h5 33. Qf3 Ng4 34. h3 Qe1+ 35. Kg2 Nh6 36. Qxb7 Nf5 37. Qf3 Qd2 38. b7 Ne3+ 39. Kh2 Nf1+ 40. Kg1 Qe1 41. b8=Q+ Kh7 42. Kg2 Nd2 43. Qxf7 Qf1+ 44. Kh2 Qd1 45. Qbg8+ 1-0


[Site "https://www.chess.com"]

[Event "Titled Tuesday Blitz June 13 Late 2023"]
[White "Vargas, Mauricio"]
[Black "Van Foreest, Machteld"]
[WhiteFideId "4404572"]
[BlackFideId "1051563"]
[WhiteElo "1986"]
[BlackElo "2018"]
[Result "0-1"]
[Round "2"]
[TimeControl "180+2"]
[Date "2023.06.13"]
[WhiteClock "0:00:00"]
[BlackClock "0:02:13"]
[Board "201"]

1. e4 c5 2. Nc3 e6 3. f4 d5 4. e5 Nc6 5. Bb5 Qb6 6. Bxc6+ bxc6 7. Nf3 Ba6 8. d3 Ne7 9. b3 h5 10. Na4 Qa5+ 11. Bd2 Qc7 12. c4 Nf5 13. O-O Be7 14. Qe1 Rd8 15. Ba5 Qd7 16. Bxd8 Qxd8 17. g3 h4 18. g4 Nd4 19. Nxd4 cxd4 20. h3 dxc4 21. dxc4 c5 22. Nb2 Bb7 23. Nd3 Qc7 24. Rf2 Qc6 25. Rh2 Qf3 26. Rd1 g5 27. Qf2 Qxd1+ 28. Ne1 gxf4 29. Kf1 d3 30. Qxf4 Rg8 31. Rd2 Bg5 32. Qxg5 Qe2+ 0-1


[Site "https://www.chess.com"]

[Event "Titled Tuesday Blitz June 13 Late 2023"]
[White "Carlstedt, Jonathan"]
[Black "Munoz Misselis, Nelson Carlos"]
[WhiteFideId "24614386"]
[BlackFideId "6601790"]
[WhiteElo "2333"]
[BlackElo "1749"]
[Result "1-0"]
[Round "2"]
[TimeControl "180+2"]
[Date "2023.06.13"]
[WhiteClock "0:01:47"]
[BlackClock "0:00:21"]
[Board "202"]

1. d4 d6 2. e4 Nf6 3. Nc3 Nbd7 4. f4 e5 5. Nf3 exd4 6. Nxd4 Be7 7. Be2 O-O 8. O-O c6 9. Bf3 Re8 10. Nf5 Bf8 11. Nxd6 Re7 12. e5 Nd5 13. Nxd5 cxd5 14. Bxd5 Nb6 15. Bb3 Be6 16. Be3 Bxb3 17. axb3 Qc7 18. c4 Rd8 19. c5 Nc8 20. b4 b6 21. Rc1 bxc5 22. bxc5 Qb8 23. Qd2 Re6 24. b4 Ne7 25. Rfd1 Nf5 26. Bf2 Nxd6 27. cxd6 f6 28. Qd5 Kf7 29. f5 1-0


[Site "https://www.chess.com"]

[Event "Titled Tuesday Blitz June 13 Late 2023"]
[White "Rodrigue-Lemieux, Shawn"]
[Black "Nakamura, Hikaru"]
[WhiteFideId "2620049"]
[BlackFideId "2016192"]
[WhiteElo "2405"]
[BlackElo "2874"]
[Result "0-1"]
[Round "3"]
[TimeControl "180+2"]
[Date "2023.06.13"]
[WhiteClock "0:00:03"]
[BlackClock "0:01:35"]
[Board "1"]

1. e4 c5 2. Nf3 e6 3. d4 cxd4 4. Nxd4 a6 5. c4 Nf6 6. Nc3 Qc7 7. a3 Nxe4 8. Nxe4 Qe5 9. Bd3 Qxd4 10. Qe2 Nc6 11. Be3 Qe5 12. f4 Qc7 13. O-O f5 14. Nc3 Be7 15. Bxf5 exf5 16. Nd5 Qd6 17. Rad1 O-O 18. Nb6 Qb8 19. Nxa8 Qxa8 20. Bb6 a5 21. c5 Qa6 22. Qd2 d6 23. Qd5+ Kh8 24. Rfe1 Qb5 25. Rd2 dxc5 26. Bc7 h6 27. Be5 Nxe5 28. Qxe5 Bf6 29. Qc7 Bd4+ 30. Kh1 Qc6 31. Qxc6 bxc6 32. Re7 Kh7 33. h3 Ba6 34. b4 axb4 35. axb4 Bc4 36. bxc5 Bxc5 37. Rc7 Bb5 38. Rdd7 Rg8 39. Rf7 Bd6 40. Rcd7 Bc4 41. Rxf5 Be6 42. Rxd6 Bxf5 43. Rxc6 Ra8 44. Kh2 Ra2 45. Rc3 Be4 46. Rg3 Rf2 47. Rg4 h5 48. Rg5 g6 49. Rg3 Rxf4 50. Re3 Bf5 51. Kg3 Re4 52. Ra3 h4+ 53. Kf3 Rb4 54. Ra7+ Kh6 55. Ra3 Kg5 0-1


[Site "https://www.chess.com"]

[Event "Titled Tuesday Blitz June 13 Late 2023"]
[White "Nihal Sarin"]
[Black "Goltsev, Dmitry"]
[WhiteFideId "25092340"]
[BlackFideId "24176710"]
[WhiteElo "2689"]
[BlackElo "2356"]
[Result "1-0"]
[Round "3"]
[TimeControl "180+2"]
[Date "2023.06.13"]
[WhiteClock "0:00:23"]
[BlackClock "0:00:18"]
[Board "2"]

1. e4 e6 2. d4 d5 3. Nd2 c5 4. Ngf3 Nf6 5. exd5 exd5 6. Bb5+ Bd7 7. Bxd7+ Nbxd7 8. O-O Be7 9. dxc5 Nxc5 10. Nb3 Nce4 11. Nfd4 O-O 12. Qf3 Rc8 13. c3 g6 14. Bh6 Re8 15. Rad1 Bf8 16. Bxf8 Rxf8 17. Qf4 Qd6 18. Qh4 a6 19. f3 Nc5 20. Nxc5 Rxc5 21. Rfe1 Rcc8 22. Qg5 Rfe8 23. Qd2 Rxe1+ 24. Rxe1 Re8 25. Rd1 Qe5 26. Qf2 Qe3 27. Qxe3 Rxe3 28. Kf2 Re7 29. Nc2 b5 30. Nb4 Re6 31. Nxd5 Nxd5 32. Rxd5 Kg7 33. Rd4 h5 34. h4 f6 35. a4 Kh6 36. axb5 axb5 37. Rd5 Rb6 38. Ke3 g5 39. g3 Kg6 40. Kd3 Rb8 41. b4 Rb7 42. f4 g4 43. c4 bxc4+ 44. Kxc4 Rc7+ 45. Kb3 Re7 46. Rd3 Kf5 47. b5 Re1 48. Kb4 Ke4 49. Rb3 Kd4 50. b6 Re8 51. Kb5 Rd8 52. b7 Kd5 53. Rd3+ 1-0


[Site "https://www.chess.com"]

[Event "Titled Tuesday Blitz June 13 Late 2023"]
[White "Kosakowski, Jakub"]
[Black "Caruana, Fabiano"]
[WhiteFideId "1185080"]
[BlackFideId "2020009"]
[WhiteElo "2488"]
[BlackElo "2832"]
[Result "1/2-1/2"]
[Round "3"]
[TimeControl "180+2"]
[Date "2023.06.13"]
[WhiteClock "0:00:17"]
[BlackClock "0:00:16"]
[Board "3"]

1. e4 c5 2. Nf3 d6 3. d4 cxd4 4. Nxd4 Nf6 5. Nc3 a6 6. h4 e5 7. Nb3 Be6 8. f4 Be7 9. f5 Bxb3 10. axb3 h5 11. Bg5 Nc6 12. Bc4 Nd4 13. Be3 Ng4 14. Bxd4 Bxh4+ 15. Ke2 exd4 16. Qxd4 Bf6 17. Qd5 Qe7 18. Bb5+ Kf8 19. Bc4 Rc8 20. Rad1 Be5 21. Qd2 Bxc3 22. bxc3 Qxe4+ 23. Kf1 Ne3+ 24. Kg1 Nxd1 25. Qxd6+ Kg8 26. Qxd1 Qxf5 27. Rh3 Rf8 28. Rf3 Qg6 29. Qd7 h4 30. Bxf7+ Rxf7 31. Qe8+ Kh7 32. Qxf7 Rd8 33. Qf4 Rd1+ 34. Kh2 Qd6 35. Qxd6 Rxd6 36. Rf7 b5 37. Ra7 Rc6 38. c4 bxc4 39. bxc4 Kh6 40. c5 g5 41. Rb7 Kh5 42. Rb6 Rxc5 43. Rxa6 Rxc2 44. Ra5 Rb2 45. Rc5 Rb4 46. Ra5 Kg4 47. Ra3 Kf4 48. Rf3+ Kg4 49. Ra3 Rc4 50. Rb3 Kf5 51. Rb5+ Kf4 52. Rb2 g4 53. g3+ hxg3+ 54. Kg2 Re4 55. Rc2 Re3 56. Rc4+ Kg5 57. Rc8 Re6 58. Rg8+ Rg6 59. Rxg6+ Kxg6 60. Kxg3 Kf5 61. Kg2 Kf4 62. Kf2 g3+ 63. Kg2 Kg4 64. Kg1 Kh4 65. Kg2 Kg4 66. Kg1 Kh3 67. Kh1 Kg4 68. Kg2 Kf4 69. Kg1 Kf3 70. Kf1 g2+ 71. Kg1 Kg3 1/2-1/2


[Site "https://www.chess.com"]

[Event "Titled Tuesday Blitz June 13 Late 2023"]
[White "Paravyan, David"]
[Black "Hambleton, Aman"]
[WhiteFideId "4194985"]
[BlackFideId "2606577"]
[WhiteElo "2563"]
[BlackElo "2511"]
[Result "1-0"]
[Round "3"]
[TimeControl "180+2"]
[Date "2023.06.13"]
[WhiteClock "0:01:07"]
[BlackClock "0:00:01"]
[Board "4"]

1. e4 b6 2. d4 Bb7 3. Bd3 e6 4. Nf3 d5 5. e5 Ba6 6. Bxa6 Nxa6 7. c4 Nb8 8. cxd5 Qxd5 9. O-O Ne7 10. Nc3 Qd7 11. Ng5 Nbc6 12. Qf3 Nf5 13. Be3 h6 14. Nxf7 Kxf7 15. g4 Bb4 16. gxf5 exf5 17. Nd5 Rad8 18. Nf4 Nxd4 19. Bxd4 Qxd4 20. Rad1 Qe4 21. Qb3+ Ke7 22. Qe6+ Kf8 23. Rxd8# 1-0


[Site "https://www.chess.com"]

[Event "Titled Tuesday Blitz June 13 Late 2023"]
[White "Gadimbayli, Abdulla"]
[Black "Vachier-Lagrave, Maxime"]
[WhiteFideId "13404938"]
[BlackFideId "623539"]
[WhiteElo "2386"]
[BlackElo "2739"]
[Result "1-0"]
[Round "3"]
[TimeControl "180+2"]
[Date "2023.06.13"]
[WhiteClock "0:00:50"]
[BlackClock "0:01:37"]
[Board "5"]

1. e4 c5 2. Nf3 Nc6 3. Bb5 g6 4. Bxc6 bxc6 5. d4 cxd4 6. Qxd4 f6 7. Qa4 Qb6 8. c4 Qa6 9. Qc2 d5 10. exd5 Bf5 11. Qe2 cxd5 12. Nd4 Rc8 13. Nxf5 gxf5 14. Qh5+ Kd8 15. O-O Qxc4 16. Na3 Qg4 17. Qf7 Bh6 18. Qxd5+ Ke8 19. Qe6 Rc5 20. Bxh6 Nxh6 21. Rfe1 Qg7 22. Rac1 Rxc1 23. Rxc1 Nf7 24. Qc6+ Kf8 25. Qc8+ Nd8 26. Qxd8+ Kf7 27. Qd5+ Kg6 28. Rc3 f4 29. Qe4+ Kg5 30. h4+ Kh5 31. Qf5+ 1-0


[Site "https://www.chess.com"]

[Event "Titled Tuesday Blitz June 13 Late 2023"]
[White "Kollars, Dmitrij"]
[Black "Vakhlamov, Igor L."]
[WhiteFideId "12909572"]
[BlackFideId "24126748"]
[WhiteElo "2584"]
[BlackElo "2407"]
[Result "1-0"]
[Round "3"]
[TimeControl "180+2"]
[Date "2023.06.13"]
[WhiteClock "0:00:44"]
[BlackClock "0:00:00"]
[Board "6"]

1. e4 c5 2. c3 g6 3. d4 cxd4 4. cxd4 d5 5. e5 Bg7 6. Nc3 a6 7. h3 f6 8. Nf3 Nc6 9. exf6 Nxf6 10. Bd3 O-O 11. O-O Bf5 12. Bxf5 gxf5 13. Bf4 Ne4 14. Qb3 e6 15. Rad1 b5 16. Ne2 Rc8 17. Qe3 Qf6 18. Ne5 Nxe5 19. Bxe5 Qh6 20. Bf4 Qg6 21. f3 Nf6 22. Qxe6+ Kh8 23. Be5 Nh5 24. Qxg6 hxg6 25. g4 Nf6 26. Nf4 Kh7 27. Ne6 g5 28. Nxf8+ Rxf8 29. Rc1 Rf7 30. Rc6 Ne8 31. Rxa6 Bxe5 32. dxe5 Ng7 33. Rd6 Re7 34. Rxd5 b4 35. Rfd1 fxg4 36. hxg4 Rf7 37. Kf2 Ne6 38. Rd7 Kg6 39. Rxf7 Kxf7 40. Rd7+ Ke8 41. Rb7 Nf4 42. Ke3 Kd8 43. Ke4 Ne6 44. Rxb4 Nc5+ 45. Kf5 Nd3 46. Rd4+ 1-0


[Site "https://www.chess.com"]

[Event "Titled Tuesday Blitz June 13 Late 2023"]
[White "Perez Ponsa, Federico"]
[Black "Firouzja, Alireza"]
[WhiteFideId "117927"]
[BlackFideId "12573981"]
[WhiteElo "2590"]
[BlackElo "2896"]
[Result "1/2-1/2"]
[Round "3"]
[TimeControl "180+2"]
[Date "2023.06.13"]
[WhiteClock "0:00:13"]
[BlackClock "0:00:08"]
[Board "7"]

1. e4 c6 2. Nf3 d5 3. Nc3 Bg4 4. h3 Bxf3 5. Qxf3 Nf6 6. Be2 g6 7. O-O Bg7 8. d4 Nxe4 9. Nxe4 dxe4 10. Qb3 Qb6 11. c3 Nd7 12. Re1 O-O 13. Bf1 Qxb3 14. axb3 f5 15. f3 e5 16. dxe5 Nxe5 17. fxe4 f4 18. Rd1 g5 19. Bd2 Rad8 20. Be1 a6 21. Bf2 Bf6 22. Bb6 Rxd1 23. Rxd1 Kg7 24. Bd4 Rd8 25. b4 Kf7 26. Kf2 g4 27. Be2 g3+ 28. Kf1 Ng6 29. Bc4+ Ke8 30. e5 Be7 31. Re1 Nh4 32. Re4 f3 33. gxf3 Nxf3 34. Kg2 Nd2 35. Bd3 Nxe4 36. Bxe4 Bxb4 37. Bxh7 Be7 38. Bg6+ Kf8 39. Kxg3 Rd5 40. Be4 Rb5 41. c4 Rb4 42. Bd3 Rb3 43. Bc3 Bb4 44. Bc2 Bxc3 45. Bxb3 Bxe5+ 46. Kg4 Bxb2 47. Kf5 Ke7 48. h4 Kd6 49. Ke4 Kc5 50. Kd3 Kb4 51. Bd1 a5 52. Kc2 Bf6 53. Be2 Bxh4 54. Kb1 Kb3 55. Bf1 Bf6 56. Be2 Bd4 57. Bd3 a4 58. Bc2+ Kb4 59. Ka2 a3 60. Bd3 Bc5 61. Be2 Kc3 62. Bf1 Bd6 63. Be2 Kb4 64. Bf1 Kc3 65. Be2 Kd2 66. Bf1 Be7 67. Bh3 b5 68. cxb5 cxb5 69. Bd7 b4 70. Be6 Kc3 71. Bf7 Bf8 72. Be6 Be7 73. Bf7 Bf8 74. Be6 Be7 1/2-1/2


[Site "https://www.chess.com"]

[Event "Titled Tuesday Blitz June 13 Late 2023"]
[White "Andreikin, Dmitry"]
[Black "Erdogmus, Yagiz Kaan"]
[WhiteFideId "4158814"]
[BlackFideId "44599790"]
[WhiteElo "2736"]
[BlackElo "2359"]
[Result "0-1"]
[Round "3"]
[TimeControl "180+2"]
[Date "2023.06.13"]
[WhiteClock "0:00:04"]
[BlackClock "0:00:10"]
[Board "8"]

1. d4 Nf6 2. c4 e6 3. Nf3 d5 4. Bg5 dxc4 5. e4 b5 6. e5 h6 7. Bh4 g5 8. exf6 gxh4 9. a4 h3 10. axb5 Bb7 11. Nc3 Qxf6 12. d5 Bb4 13. Qd4 Qxd4 14. Nxd4 Bxd5 15. Rg1 hxg2 16. Bxg2 Rg8 17. Kf1 Bxg2+ 18. Rxg2 Rxg2 19. Kxg2 Bxc3 20. bxc3 Nd7 21. Kf3 Nb6 22. Nc6 Nd5 23. Ra3 f6 24. Ke4 Kd7 25. Kd4 Rg8 26. Kxc4 Rg4+ 27. Kb3 Rf4 28. Ra2 Rf3 29. Rc2 Rh3 30. Nxa7 Rxh2 31. c4 Rh3+ 32. Ka4 Nb6+ 33. Kb4 h5 34. Rd2+ Ke8 35. Nc6 Rh4 36. Na5 Rf4 37. Kc5 h4 38. Rd3 Rxf2 39. Kc6 Rc2 40. c5 Nd5 41. Nb3 Nb4+ 42. Kxc7 Nxd3 43. c6 Rb2 44. Nd4 e5 45. Nf5 h3 46. b6 h2 47. Ng3 Nc5 48. b7 Nxb7 49. cxb7 f5 50. b8=Q+ Rxb8 51. Kxb8 f4 52. Nh1 e4 0-1


[Site "https://www.chess.com"]

[Event "Titled Tuesday Blitz June 13 Late 2023"]
[White "Najer, Evgeniy"]
[Black "Bluebaum, Matthias"]
[WhiteFideId "4118987"]
[BlackFideId "24651516"]
[WhiteElo "2545"]
[BlackElo "2639"]
[Result "1-0"]
[Round "3"]
[TimeControl "180+2"]
[Date "2023.06.13"]
[WhiteClock "0:00:07"]
[BlackClock "0:00:18"]
[Board "9"]

1. d4 d5 2. c4 e6 3. Nc3 Bb4 4. cxd5 exd5 5. Bf4 c5 6. e3 c4 7. Nf3 Nc6 8. Ne5 Nge7 9. Be2 O-O 10. O-O Bf5 11. Rc1 a6 12. Na4 b5 13. a3 Bd6 14. Nxc6 Nxc6 15. Bxd6 Qxd6 16. Nc5 Rab8 17. Nxa6 Nxd4 18. Qxd4 Qxa6 19. Qxd5 Qf6 20. Qd4 Qxd4 21. exd4 Rfe8 22. Rfe1 Rbd8 23. Bf3 Rxe1+ 24. Rxe1 g5 25. Re5 g4 26. Bxg4 Bxg4 27. Rg5+ Kf8 28. Rxg4 b4 29. axb4 Rb8 30. g3 Rxb4 31. d5 Ke7 32. Rd4 Kd6 33. Rd2 Rb5 34. Kf1 Rb3 35. Ke2 f5 36. Kd1 h5 37. Kc2 Rf3 38. Kd1 Rb3 39. Ke2 h4 40. gxh4 Rh3 41. Rd4 Rxh2 42. Rxc4 Kxd5 43. Rf4 Ke5 44. Rb4 f4 45. Kf3 Rxh4 46. Rb5+ Kd4 47. Rf5 Rh3+ 48. Kg4 Rb3 49. Kxf4 Rxb2 50. f3 Rb8 51. Rf6 Kd5 52. Kf5 Kd4 53. f4 Rb5+ 54. Kg6 Ke4 55. f5 Kf4 56. Rf8 Rb6+ 57. f6 Ke5 58. Kg7 Ke6 59. Re8+ Kf5 60. Ra8 Rb1 61. f7 Rg1+ 62. Kf8 Ke6 63. Ra6+ Kd7 64. Ra7+ Kd8 65. Ra8+ Kd7 66. Ra2 Rg3 67. Rd2+ Kc7 68. Rd1 Rg2 69. Rd3 Rg1 70. Rd4 Kc6 71. Rd2 Kc7 72. Ke7 Re1+ 73. Kf8 Rg1 74. Rd5 Kc6 75. Rf5 Kd7 76. Rf2 Rg3 77. Rd2+ Kc7 78. Rd4 Kc6 79. Ke7 Re3+ 80. Kf6 Rf3+ 81. Ke6 Kc5 82. Re4 Kc6 83. Re5 Kc7 84. Rc5+ Kd8 85. Rd5+ Kc7 86. Rf5 Re3+ 87. Kf6 Kd7 88. f8=Q Re6+ 89. Kf7 Re7+ 90. Qxe7+ Kc6 91. Rf6+ Kd5 92. Qe6+ Kd4 93. Qg4+ Kc3 94. Qf4 Kb2 95. Rg6 Ka1 96. Rg3 Kb1 97. Qf2 Kc1 98. Rg1# 1-0


[Site "https://www.chess.com"]

[Event "Titled Tuesday Blitz June 13 Late 2023"]
[White "Martinez Alcantara, Jose Eduardo"]
[Black "Lobanov, Sergei"]
[WhiteFideId "3805662"]
[BlackFideId "24183750"]
[WhiteElo "2711"]
[BlackElo "2501"]
[Result "1-0"]
[Round "3"]
[TimeControl "180+2"]
[Date "2023.06.13"]
[WhiteClock "0:00:08"]
[BlackClock "0:00:00"]
[Board "10"]

1. e4 e5 2. Nf3 Nc6 3. Bb5 a6 4. Ba4 Bc5 5. c3 Nge7 6. O-O Ba7 7. d4 Ng6 8. Be3 O-O 9. Nbd2 exd4 10. cxd4 d5 11. Bxc6 bxc6 12. e5 f6 13. exf6 Qxf6 14. Rc1 Bd7 15. b4 Bb6 16. a3 Rae8 17. Re1 h6 18. Qc2 Re7 19. a4 a5 20. Qb2 Nf4 21. Bxf4 Rxe1+ 22. Rxe1 Qxf4 23. bxa5 Bxa5 24. Re3 c5 25. dxc5 Bxa4 26. h3 Kh8 27. Nf1 Be8 28. Qa2 Bb4 29. Qxd5 Bf7 30. Qc6 Bc4 31. Ng3 Qf7 32. Kh2 Bd5 33. Qb5 Bc3 34. Qd3 Bf6 35. Ne2 c6 36. Nf4 Qc7 37. g3 Bg5 38. Ng6+ Kg8 39. Nxf8 Bxe3 40. Qxe3 Kxf8 41. Ne5 Qa5 42. g4 Qa1 43. f3 Qb1 44. Kg3 Kg8 45. h4 Qc2 46. h5 Qd1 47. Ng6 Kh7 48. Ne7 Qb1 49. Nf5 Qc2 50. Qd4 1-0


[Site "https://www.chess.com"]

[Event "Titled Tuesday Blitz June 13 Late 2023"]
[White "Duda, Jan-Krzysztof"]
[Black "Santos Ruiz, Miguel"]
[WhiteFideId "1170546"]
[BlackFideId "22291482"]
[WhiteElo "2783"]
[BlackElo "2499"]
[Result "1-0"]
[Round "3"]
[TimeControl "180+2"]
[Date "2023.06.13"]
[WhiteClock "0:01:12"]
[BlackClock "0:00:03"]
[Board "11"]

1. e4 e5 2. Nf3 Nc6 3. Bc4 Nf6 4. d3 Bc5 5. c3 d6 6. O-O O-O 7. Re1 a5 8. h3 h6 9. Nbd2 Be6 10. Bb5 Qb8 11. Nf1 Qa7 12. Re2 a4 13. Ng3 Qa5 14. Bxc6 bxc6 15. Bd2 Bb6 16. c4 Qa7 17. Qc2 c5 18. Nh4 Kh7 19. Nhf5 Ng8 20. Rf1 g6 21. Ne3 c6 22. f4 exf4 23. Rxf4 Qe7 24. Nd5 cxd5 25. exd5 Qd7 26. dxe6 fxe6 27. Ref2 Rxf4 28. Bxf4 Rf8 29. Ne4 Bc7 30. Be3 Rxf2 31. Qxf2 e5 32. Qf8 Qe7 33. Bxh6 Qd7 34. Ng5+ Kh8 35. Nf7+ Kh7 36. Qg7# 1-0


[Site "https://www.chess.com"]

[Event "Titled Tuesday Blitz June 13 Late 2023"]
[White "Korobov, Anton"]
[Black "Kuznetsov, Felix"]
[WhiteFideId "14105730"]
[BlackFideId "34147990"]
[WhiteElo "2638"]
[BlackElo "2281"]
[Result "1-0"]
[Round "3"]
[TimeControl "180+2"]
[Date "2023.06.13"]
[WhiteClock "0:01:34"]
[BlackClock "0:00:02"]
[Board "12"]

1. d4 Nf6 2. c4 e6 3. Nf3 b6 4. a3 Bb7 5. Nc3 d5 6. cxd5 Nxd5 7. Qa4+ Bc6 8. Qc2 Nxc3 9. bxc3 Be7 10. e4 Nd7 11. Bd3 O-O 12. O-O Bb7 13. Bb2 Qc8 14. Qe2 a5 15. c4 e5 16. dxe5 Nc5 17. Bc2 Qe6 18. Rad1 Ba6 19. Rd5 c6 20. Nd4 Qc8 21. Nf5 Qe6 22. Qg4 g6 23. Rfd1 Bxc4 24. Rd6 Bxd6 25. Rxd6 Qe8 26. e6 f6 27. e7 Rf7 28. Nh6+ Kg7 29. Nxf7 Kxf7 30. Rxf6+ Kxe7 31. h4 Rd8 32. Qf4 Ne6 33. Qe3 Qd7 34. Rf3 Qd2 35. Bf6+ Ke8 36. Bxd8 Qxd8 37. Qh6 Qe7 38. h5 Nd4 39. hxg6 Nxf3+ 40. gxf3 hxg6 41. Qxg6+ Kd7 42. Kg2 Qf7 43. Qg3 Be6 44. e5 Qg8 45. f4 Qxg3+ 46. fxg3 b5 47. f5 Bd5+ 48. Kf2 b4 49. axb4 axb4 50. g4 c5 51. g5 c4 52. f6 b3 53. Bf5+ Kd8 54. e6 b2 55. e7+ Ke8 56. g6 c3 57. Ke3 Be6 58. Bxe6 b1=Q 59. Bf7+ Kd7 60. e8=Q+ Kc7 61. Qe7+ Kb6 62. Qd6+ Ka7 63. Qc5+ Ka8 64. Bd5+ Kb8 65. Qd6+ Ka7 66. Qc7+ Ka6 67. Qb7+ Qxb7 68. Bxb7+ 1-0


[Site "https://www.chess.com"]

[Event "Titled Tuesday Blitz June 13 Late 2023"]
[White "Djordjevic, Vuk"]
[Black "Makarian, Rudik"]
[WhiteFideId "902098"]
[BlackFideId "44105681"]
[WhiteElo "2463"]
[BlackElo "2451"]
[Result "0-1"]
[Round "3"]
[TimeControl "180+2"]
[Date "2023.06.13"]
[WhiteClock "0:00:04"]
[BlackClock "0:00:13"]
[Board "13"]

1. d4 d5 2. Nf3 Nf6 3. c4 e6 4. Nc3 Be7 5. Bg5 O-O 6. e3 Nbd7 7. Qc2 h6 8. Bh4 c6 9. a3 Re8 10. Rd1 a5 11. Bd3 dxc4 12. Bxc4 b5 13. Bd3 Bb7 14. O-O Rc8 15. Ne5 Qb6 16. Nxd7 Nxd7 17. Bxe7 Rxe7 18. b4 Nf6 19. Ne4 Nd5 20. Qc5 Qd8 21. g3 Ra8 22. Ra1 Rd7 23. Rfd1 Qe7 24. Rdc1 f5 25. Nd2 Qxc5 26. bxc5 a4 27. Rab1 Bc8 28. Nf3 Rc7 29. e4 fxe4 30. Bxe4 Nf6 31. Bd3 Bd7 32. Nd2 Rd8 33. Re1 Be8 34. Nf3 Bh5 35. Ne5 Rxd4 36. Bf1 Rd5 37. Rbc1 Rd2 38. Bg2 Be8 39. Nf3 Rd3 40. Rxe6 Bf7 41. Rd6 Rxa3 42. Ne5 Bd5 43. Nxc6 Bxc6 44. Bxc6 b4 45. Bb5 b3 46. c6 b2 47. Rb1 Ra1 48. Rdd1 Rxb1 49. Rxb1 a3 50. Kf1 Kf8 51. Bc4 Rxc6 52. Ba2 Rc1+ 53. Ke2 Ne4 54. Kd3 Nc3 0-1


[Site "https://www.chess.com"]

[Event "Titled Tuesday Blitz June 13 Late 2023"]
[White "Sviridov, Valery"]
[Black "Yanchenko, Roman"]
[WhiteFideId "4120680"]
[BlackFideId "4137329"]
[WhiteElo "2457"]
[BlackElo "2491"]
[Result "1/2-1/2"]
[Round "3"]
[TimeControl "180+2"]
[Date "2023.06.13"]
[WhiteClock "0:00:20"]
[BlackClock "0:00:22"]
[Board "14"]

1. d4 d5 2. Nf3 Nf6 3. c4 c6 4. e3 Bf5 5. Nc3 e6 6. Nh4 Be4 7. f3 Bg6 8. Qb3 Qb6 9. Bd2 Nbd7 10. Be2 Bd6 11. g3 O-O 12. Nxg6 hxg6 13. Qc2 dxc4 14. Bxc4 e5 15. dxe5 Nxe5 16. Be2 Nd5 17. Nxd5 cxd5 18. Qb3 Nc4 19. Bxc4 dxc4 20. Qxb6 axb6 21. Ke2 Rfe8 22. a4 Be5 23. Bc3 Bxc3 24. bxc3 Red8 25. Rhd1 Rxd1 26. Kxd1 b5 27. a5 b6 28. a6 Kf8 29. e4 Ke7 30. Ke2 Kd6 31. Ke3 Kc5 32. f4 b4 33. cxb4+ Kxb4 34. a7 Kc5 35. e5 b5 36. g4 b4 37. Kd2 Kd4 38. Kc2 Ke4 39. h3 Kxf4 40. Rf1+ Kxe5 41. Rxf7 g5 42. Rxg7 Kf4 43. Re7 Kg3 44. Rh7 Kg2 45. Kb2 Kf3 46. Kc2 Ke4 47. Rd7 Ke5 48. Kb2 Ke6 49. Rb7 Kd6 50. Rxb4 Rxa7 51. Rxc4 Rh7 52. Rc3 Ke5 53. Rf3 Ke4 54. Rf5 Rxh3 55. Rxg5 Rg3 56. Rg8 Kf4 57. g5 Rxg5 58. Rxg5 Kxg5 1/2-1/2


[Site "https://www.chess.com"]